 Dungeon Crawl Stone Soup version 0.32-a0-646-g91cf321817 (webtiles) character file.

Game seed: 12940952886565823258

16947762 mn3067 the Trollish Barricade (level 27, 323/323 HPs)
             Began as a Troll Fighter on Mar 3, 2024.
             Was the Champion of Wu Jian.
             Escaped with the Orb
             ... and 15 runes on Mar 8, 2024!
             The game lasted 04:36:36 (91824 turns).

mn3067 the Trollish Barricade (Troll Fighter)      Turns: 91824, Time: 04:36:37

Health: 323/323    AC: 45    Str: 32    XL:     27
Magic:  22/22      EV: 18    Int:  8    God:    Wu Jian [******]
Gold:   17512      SH: 30    Dex: 15    Spells: 26/26 levels left

rFire   + +          +
                       - Unarmed
rCold   + + +        H - +0 tower shield {AC+3}
rNeg    + + +        n - +12 gold dragon scales
rPois   ∞            C - +0 mask of the Dragon {Will+ Slay+3 SInv}
rElec   +            Y - scarf {rC+ rF+}
rCorr   +            (gloves unavailable)
SInv    +            (boots unavailable)
Will    +++++        m - amulet of reflection Stlth
                     M - ring of Tomorrow {Fly rElec rC+ Will+ EV+5}
HPRegen 1.53/turn    W - ring of the Prince {rF++ rCorr Slay+2 SInv}
MPRegen 0.18/turn

%: reflection
@: death-form, flying, studying 4 skills
A: vile attack, torment immunity, no potions, large, unfitting armour, claws 3,
regeneration 1, shaggy fur 1, tough skin 1, iridescent scales 1, deterioration 1
0: Orb of Zot
}: 15/15 runes: serpentine, barnacled, slimy, silver, golden, iron, obsidian,
icy, bone, abyssal, demonic, glowing, magical, fiery, dark
a: Siphon Essence, Begin Untransformation, Renounce Religion, Wall Jump,
Serpent's Lash, Heavenly Storm


You escaped.
You worshipped Wu Jian.
Wu Jian was exalted by your worship.
You were an undying horror.
You visited 18 branches of the dungeon, and saw 87 of its levels.
You visited Pandemonium 1 time, and saw 19 of its levels.
You visited the Abyss 4 times.
You visited 1 ziggurat, and saw 7 of its levels.
You also visited: Trove, Sewer and Bailey.

You collected 19577 gold pieces.
You spent 2065 gold pieces at shops.

Inventory:

Missiles
 r - 176 large rocks (quivered)
 R - 33 silver javelins
Armour
 n - +12 gold dragon scales (worn)
 C - the +0 mask of the Dragon (worn) {Will+ Slay+3 SInv}
   (You found it on level 4 of the Realm of Zot)

   Slay+3:    It affects your accuracy & damage with ranged weapons and melee
   (+3).
   Will+:     It increases your willpower.
   SInv:      It lets you see invisible.
 H - a +0 tower shield of protection (worn)
 Y - a scarf of resistance (worn)
Jewellery
 h - the ring "Ykleos" {Will+ rCorr Int+2 Stlth+}
   (You found it in Pandemonium)

   [ring of willpower]

   Int+2:     It affects your intelligence (+2).
   Will+:     It increases your willpower.
   rCorr:     It protects you from acid and corrosion.
   Stlth+:    It makes you more stealthy.
 k - the ring "Vokups" {rN++ EV+5 Int+3}
   (You found it on level 3 of the Crypt)

   [ring of evasion]

   EV+5:      It affects your evasion (+5).
   Int+3:     It affects your intelligence (+3).
   rN++:      It greatly protects you from negative energy.
 m - an amulet of reflection (around neck)
 x - the ring "Soepoc" {Ice rElec rPois SInv}
   (You bought it in a shop on level 2 of the Orcish Mines)

   [ring of ice]

   Ice:       It enhances your ice magic.
   rF-:       It makes you vulnerable to fire.
   rC+:       It protects you from cold.
   rElec:     It insulates you from electricity.
   rPois:     It protects you from poison.
   SInv:      It lets you see invisible.
 B - the ring of Motupt {rN+ Will+ EV+5 Int-4 Dex+2}
   (You found it on level 7 of Tartarus)

   [ring of evasion]

   EV+5:      It affects your evasion (+5).
   Int-4:     It affects your intelligence (-4).
   Dex+2:     It affects your dexterity (+2).
   rN+:       It protects you from negative energy.
   Will+:     It increases your willpower.
 E - the ring "Sexivi" {rCorr MP+9 Str-4 Int+6 Slay+4}
   (You found it on level 2 of the Snake Pit)

   [ring of slaying]

   Str-4:     It affects your strength (-4).
   Int+6:     It affects your intelligence (+6).
   Slay+4:    It affects your accuracy & damage with ranged weapons and melee
   (+4).
   MP+9:      It affects your magic capacity (+9).
   rCorr:     It protects you from acid and corrosion.
 G - the ring "Bezo" {rPois rF+ Str+6 Dex+3}
   (You took it off a deep elf zephyrmancer on level 3 of the Elven Halls)

   [ring of strength]

   Str+6:     It affects your strength (+6).
   Dex+3:     It affects your dexterity (+3).
   rF+:       It protects you from fire.
   rPois:     It protects you from poison.
 I - the ring "Yzxiat" {rElec AC+4 Str+5 Dex+5}
   (You took it off an orc wizard on level 5 of the Vaults)

   [ring of protection]

   AC+4:      It affects your AC (+4).
   Str+5:     It affects your strength (+5).
   Dex+5:     It affects your dexterity (+5).
   rElec:     It insulates you from electricity.
 K - the ring "Joil Pei" {rElec rPois rN++}
   (You found it on level 3 of the Crypt)

   [ring of poison resistance]

   rElec:     It insulates you from electricity.
   rPois:     It protects you from poison.
   rN++:      It greatly protects you from negative energy.
 M - the ring of Tomorrow (left claw) {Fly rElec rC+ Will+ EV+5}
   (You found it in Pandemonium)

   [ring of evasion]

   EV+5:      It affects your evasion (+5).
   rC+:       It protects you from cold.
   rElec:     It insulates you from electricity.
   Will+:     It increases your willpower.
   Fly:       It grants you flight.
 P - the ring "Gaciuh" {*Slow rN++ Int+6 Dex+2}
   (You found it on level 3 of the Crypt)

   [ring of intelligence]

   Int+6:     It affects your intelligence (+6).
   Dex+2:     It affects your dexterity (+2).
   rN++:      It greatly protects you from negative energy.
   *Slow:     It may slow you when you take damage.
 U - the ring of Geott {Fly rN+ Will+ Str+2}
   (You found it on level 4 of the Realm of Zot)

   [ring of flight]

   Str+2:     It affects your strength (+2).
   rN+:       It protects you from negative energy.
   Will+:     It increases your willpower.
   Fly:       It grants you flight.
 W - the ring of the Prince (right claw) {rF++ rCorr Slay+2 SInv}
   (You found it in Pandemonium)

   [ring of resist corrosion]

   Slay+2:    It affects your accuracy & damage with ranged weapons and melee
   (+2).
   rF++:      It greatly protects you from fire.
   SInv:      It lets you see invisible.
   rCorr:     It protects you from acid and corrosion.
Talismans
 o - a talisman of death (active)
 N - a granite talisman
Wands
 a - a wand of digging (54)
 c - a wand of warping (97)
 z - a wand of paralysis (107)
 Z - a wand of acid (42)
Scrolls
 b - 5 scrolls of blinking
 e - 15 scrolls of poison
 t - 15 scrolls of revelation
 u - 6 scrolls of butterflies
 v - 28 scrolls of teleportation
 J - 5 scrolls of silence
 Q - 5 scrolls of fear
 S - 16 scrolls of immolation
 V - 12 scrolls of fog
Potions
 d - 24 potions of heal wounds
 f - 26 potions of mutation
 g - 7 potions of ambrosia
 i - 32 potions of curing
 j - 2 potions of haste
 l - 7 potions of cancellation
 q - 11 potions of enlightenment
 y - 12 potions of might
 A - 8 potions of resistance
 O - 2 potions of invisibility
 X - 4 potions of berserk rage
Miscellaneous
 p - a sack of spiders
 s - a phial of floods
 w - a phantom mirror
 D - a condenser vane
 F - the horn of Geryon
 L - a figurine of a ziggurat
 T - a lightning rod (4/4)


   Skills:
 O Level 27 Fighting
 O Level 27 Armour
 + Level 17.9 Dodging
 O Level 27 Shields
 O Level 27 Unarmed Combat
 + Level 16.9 Evocations
 O Level 27 Shapeshifting


You had 26 spell levels left.
You didn't know any spells.
Your spell library contained the following spells:

 Spells                   Type           Power      Damage    Failure   Level
 Apportation              Tloc           0%         N/A       90%         1
 Foxfire                  Conj/Fire      0%         2x1d4     90%         1
 Freeze                   Ice            0%         1d3       90%         1
 Kiss of Death            Conj/Necr      0%         2d5       90%         1
 Magic Dart               Conj           0%         1d3       90%         1
 Necrotise                Necr           0%         1d4       90%         1
 Sandblast                Erth           0%         2d4       90%         1
 Shock                    Conj/Air       0%         1d3       90%         1
 Slow                     Hex            0%         N/A       90%         1
 Sting                    Conj/Alch      0%         1d3       90%         1
 Summon Small Mammal      Summ           0%         N/A       90%         1
 Blink                    Tloc           0%         N/A       97%         2
 Call Imp                 Summ           0%         N/A       97%         2
 Cigotuvi's Dreadful Rot  Necr/Alch/Air  0%         N/A       97%         2
 Ensorcelled Hibernation  Hex/Ice        0%         N/A       97%         2
 Jinxbite                 Hex            0%         N/A       97%         2
 Lesser Beckoning         Tloc           0%         N/A       97%         2
 Mercury Vapours          Alch/Air       0%         N/A       97%         2
 Scorch                   Fire           0%         2d5       97%         2
 Searing Ray              Conj           0%         2d4       97%         2
 Static Discharge         Conj/Air       0%         3-3/arc   97%         2
 Sublimation of Blood     Necr           0%         N/A       97%         2
 Call Canine Familiar     Summ           0%         N/A       99%         3
 Confusing Touch          Hex            0%         N/A       99%         3
 Dazzling Flash           Conj/Hex       0%         N/A       99%         3
 Frozen Ramparts          Ice            0%         1d1       99%         3
 Fugue of the Fallen      Necr           0%         N/A       99%         3
 Gell's Gravitas          Tloc           0%         N/A       99%         3
 Hailstorm                Conj/Ice       0%         3d5       99%         3
 Inner Flame              Hex/Fire       0%         N/A       99%         3
 Mephitic Cloud           Conj/Alch/Air  0%         N/A       99%         3
 Ozocubu's Armour         Ice            0%         N/A       99%         3
 Passwall                 Erth           0%         N/A       99%         3
 Sigil of Binding         Hex            0%         N/A       99%         3
 Stone Arrow              Conj/Erth      0%         3d7       99%         3
 Summon Ice Beast         Ice/Summ       0%         N/A       99%         3
 Swiftness                Air            0%         N/A       99%         3
 Teleport Other           Tloc           0%         N/A       99%         3
 Tukima's Dance           Hex            0%         N/A       99%         3
 Vampiric Draining        Necr           0%         2d6       99%         3
 Volatile Blastmotes      Fire/Tloc      0%         2d10      99%         3
 Airstrike                Air            0%         2d(0-16)  100%        4
 Anguish                  Hex/Necr       0%         N/A       100%        4
 Animate Armour           Summ/Erth      0%         N/A       100%        4
 Animate Dead             Necr           0%         N/A       100%        4
 Brom's Barrelling Bould  Conj/Erth      0%         2d3       100%        4
 Cause Fear               Hex            0%         N/A       100%        4
 Dimensional Bullseye     Hex/Tloc       0%         N/A       100%        4
 Dispel Undead            Necr           0%         3d6       100%        4
 Flame Wave               Conj/Fire      0%         2d4       100%        4
 Fulminant Prism          Conj/Alch      0%         3d5       100%        4
 Ignite Poison            Fire/Alch      0%         N/A       100%        4
 Iskenderun's Mystic Bla  Conj/Tloc      0%         2d3       100%        4
 Leda's Liquefaction      Alch/Erth      0%         N/A       100%        4
 Manifold Assault         Tloc           0%         N/A       100%        4
 Martyr's Knell           Necr/Summ      0%         N/A       100%        4
 Olgreb's Toxic Radiance  Alch           0%         N/A       100%        4
 Passage of Golubria      Tloc           0%         N/A       100%        4
 Petrify                  Alch/Erth      0%         N/A       100%        4
 Sticky Flame             Fire/Alch      0%         2d4       100%        4
 Summon Blazeheart Golem  Fire/Summ      0%         N/A       100%        4
 Summon Lightning Spire   Summ/Air       0%         N/A       100%        4
 Vhi's Electric Charge    Tloc/Air       0%         N/A       100%        4
 Alistair's Intoxication  Alch           0%         N/A       100%        5
 Arcjolt                  Conj/Air       0%         1d10      100%        5
 Borgnjor's Vile Clutch   Necr/Erth      0%         N/A       100%        5
 Curse of Agony           Necr           0%         N/A       100%        5
 Fireball                 Conj/Fire      0%         3d3       100%        5
 Freezing Cloud           Conj/Ice/Air   0%         6-21      100%        5
 Irradiate                Conj/Alch      0%         3d11      100%        5
 Iskenderun's Battlesphe  Conj           0%         2d6       100%        5
 Lee's Rapid Deconstruct  Erth           0%         3d4*      100%        5
 Metabolic Englaciation   Hex/Ice        0%         N/A       100%        5
 Silence                  Hex/Air        0%         N/A       100%        5
 Summon Forest            Summ/Tloc      0%         N/A       100%        5
 Summon Mana Viper        Hex/Summ       0%         N/A       100%        5
 Yara's Violent Unravell  Hex/Alch       0%         3d3       100%        5
 Bombard                  Conj/Erth      0%         9d1       100%        6
 Conjure Ball Lightning   Conj/Air       0%         3x3d6     100%        6
 Death Channel            Necr           0%         N/A       100%        6
 Dispersal                Tloc           0%         N/A       100%        6
 Eringya's Noxious Bog    Alch           0%         4d6       100%        6
 Plasma Beam              Fire/Air       0%         2x1d10    100%        6
 Sculpt Simulacrum        Ice/Alch       0%         N/A       100%        6
 Starburst                Conj/Fire      0%         6d3       100%        6
 Summon Cactus Giant      Summ           0%         N/A       100%        6
 Enfeeble                 Hex            0%         N/A       100%        7
 Haunt                    Necr/Summ      0%         N/A       100%        7
 Malign Gateway           Summ/Tloc      0%         N/A       100%        7
 Monstrous Menagerie      Summ           0%         N/A       100%        7
 Orb of Destruction       Conj           0%         9d5       100%        7
 Ozocubu's Refrigeration  Ice            0%         4d7       100%        7
 Spellforged Servitor     Conj/Summ      0%         N/A       100%        7
 Summon Hydra             Summ           0%         N/A       100%        7
 Borgnjor's Revivificati  Necr           0%         N/A       100%        8
 Discord                  Hex            0%         N/A       100%        8
 Disjunction              Tloc           0%         N/A       100%        8
 Ignition                 Fire           0%         3d3       100%        8
 Infestation              Necr           0%         N/A       100%        8
 Lehudib's Crystal Spear  Conj/Erth      0%         10d2      100%        8
 Maxwell's Capacitive Co  Air            0%         ∞         100%        8
 Chain Lightning          Conj/Air       0%         N/A       100%        9
 Death's Door             Necr           0%         N/A       100%        9
 Dragon's Call            Summ           0%         N/A       100%        9
 Fire Storm               Conj/Fire      0%         5d1       100%        9
 Polar Vortex             Ice            0%         N/A       100%        9
 Shatter                  Erth           0%         3d5*      100%        9


Dungeon Overview and Level Annotations

Branches:
Dungeon (15/15)            Temple (1/1) D:5            Lair (5/5) D:8
 Shoals (4/4) Lair:3        Snake (4/4) Lair:3        Slime (5/5) Lair:5
    Orc (2/2) D:12            Elf (3/3) Orc:2        Vaults (5/5) D:14
  Crypt (3/3) Vaults:3       Tomb (3/3) Crypt:3      Depths (4/4) D:15
   Hell (visited)             Dis (7/7) Hell            Geh (7/7) Hell
    Coc (7/7) Hell            Tar (7/7) Hell            Zot (5/5) Depths:4
  Sewer (visited)          Bailey (visited)

Altars:
Ashenzari
Cheibriados
Dithmenos
Elyvilon
Fedhas
Gozag
Hepliaklqana
Kikubaaqudgha
Makhleb
Nemelex Xobeh
Okawaru
Qazlal
Ru
Sif Muna
Trog
Uskayaw
Vehumet
Wu Jian
Xom
Yredelemnul
Zin
The Shining One
Beogh

Shops:
D:5 [?::   D:6 (   D:7 [   D:15 !   Orc:2 (:(*[   Elf:1 :   Elf:3 :
Vaults:2 (   Vaults:4 :   Vaults:5 (

Portals:
Hell: Depths:1 Depths:2 Depths:3 Depths:4
Abyss: Depths:2 Depths:3 Depths:4
Pandemonium: Depths:2

Annotations:
Slime:1 Dissolution
Elf:1 1 runed translucent door


Innate Abilities, Weirdness & Mutations

You are an undying horror.
Your melee and unarmed attacks drain, slow and weaken victims.
You are immune to unholy pain and torment.
You cannot drink.
You are immune to poison.
You are too large for most types of armour.
You have claws for hands.
Your natural rate of healing is unusually fast.
You are covered in fur. (AC +1)
You have tough skin. (AC +1)
You are partially covered in iridescent scales. (AC +2)
Your body sometimes deteriorates upon taking damage.


Message History

You lunge at the red devil, in a flurry of attacks.
You eviscerate the red devil!!!!
You kill the red devil!
The Council accepts your kill.
No target in view!
No target in view!
A hellion comes into view.
The hellion gestures at you.
The sphere of damnation explodes!
The damnation engulfs you!!
You eviscerate the hellion!!!
You kill the hellion!
The Council accepts your kill.
No target in view!
No target in view!
There is an escape hatch in the ceiling here.
A mysterious force pulls you upwards. The hatch slams shut behind you.
HP restored.
There is an escape hatch in the ceiling here.
Unknown command.
A mysterious force pulls you upwards. The hatch slams shut behind you.
There is a stone staircase leading down here.
There is a stone staircase leading up here.
You fly upwards.
There is a stone staircase leading down here.
There is a stone staircase leading up here.
You fly upwards.
There is a stone staircase leading down here.
You reach down and open the door.
There is an open door here.
There is a shaft here.
There is an open door here.
There is an open door here.
There is a stone staircase leading up here.
You fly upwards.
There is a stone staircase leading down here.
You see here 7 stones.
You see here a +0 club.
There is an escape hatch in the floor here.
There is a staircase leading out of the dungeon here.
You have escaped!

#.######P...P#######.##.#..
#####
#.#....##...##.............
.>..#
#.#.####P...P#.#####.##.##.
###.# #.#.#..##...##.#
#.##.##.
###.###.#.#.##P.P.P###
#......>
........#.#.###.P.##
####.###
###.##..#.#.##P...P# #.###
#.##..#.#.###...## #....
#.....#.#.# #.z.# #####
#.....#.#.#######
####.....÷)..#
.>........#..############
#####..#..#..........[..# #
#.....#....########.# #
#....#####.# #.# # #....#
#.# #.# # #####....# #.#
#.# #


There were no monsters in sight!

Vanquished Creatures
  Cerebov (Pan)
  Antaeus (Coc:7)
  the Royal Jelly (Slime:5)
  Gloorx Vloq (Pan)
  Asmodeus (Geh:7)
  Ignacio (Pan)
  Ereshkigal (Tar:7)
  Lom Lobon (Pan)
  Mnoleg (Pan)
  the Serpent of Hell (Tar:7)
  13 dread liches
  Dispater (Dis:7)
  Khufu (Crypt:2)
  4 orbs of fire
  9 ancient liches
  Mennas (Crypt:3)
  Mara (Shoals:4)
  6 juggernauts
  29 royal mummies
  Sojobo (Vaults:4)
  The ghost of Anuegiwi the Hoplite, a veteran AtFi of Ashenzari (Zot:1)
  Josephina (Zot:4)
  Vv (Depths:3)
  17 shard shrikes
  Saint Roka (Snake:2)
  Boris (Depths:3)
  4 Killer Klowns
  4 curse toes
  12 caustic shrikes
  16 golden dragons
  Geryon (Hell)
  Norris (Depths:2)
  Jory (Depths:3)
  4 profane servitors
  21 bone dragons
  21 doom hounds
  27 Tzitzimimeh
  9 iron giants
  2 electric golems (Zot:5)
  20 hellephants
  18 tentacled monstrosities
  20 Brimstone Fiends
  14 liches
  A spectral shard shrike (Tar:2)
  Jorgrun (D:14)
  21 Hell Sentinels
  A shard shrike skeleton (Crypt:2)
  19 Ice Fiends
  Zenata (Crypt:3)
  Rupert (D:14)
  16 tainted leviathans
  16 titans
  29 Orb Guardians
  2 deep elf master archers (Elf:3)
  15 pandemonium lords
  Grunn (Zot:3)
  11 sphinxes
  4 walking frostbound tomes
  A deep elf blademaster (Elf:2)
  4 quicksilver dragons
  18 searing wretches
  A kraken (Shoals:1)
  33 ancient champions
  9 death cobs
  14 acid blobs
  34 Executioners (Pan)
  12 tentacled starspawn
  Roxanne (Snake:1)
  8 tengu reavers
  16 storm dragons
  The ghost of Iheguu the Devastator, an adept DsEE of Vehumet (Snake:3)
  9 rockslimes
  18 shadow dragons
  A fenstrider witch (Pan)
  6 revenants
  17 demonspawn warmongers
  Donald (Snake:3)
  4 nagarajas
  32 azure jellies
  A daeva (Abyss:3)
  29 narguns
  The ghost of Jema the Devastator, an adept HuCj of Sif Muna (Shoals:1)
  6 quicksilver elementals
  6 iron dragons
  2 draconian monks
  16 fire giants
  12 frost giants
  8 protean progenitors
  43 balrugs
  Louise (D:14)
  An emperor scorpion (Zig:3)
  5 draconian scorchers
  4 curse skulls
  24 vault wardens
  3 draconian shifters
  7 draconian knights
  A spectral juggernaut (Tar:6)
  8 draconian stormcallers
  11 deep elf sorcerers
  2 angels
  A deep elf elementalist (Elf:3)
  16 shard shrike simulacra
  11 ghost moths
  41 reapers
  6 draconian annihilators
  13 demonspawn corrupters
  3 orc warlords
  3 caustic shrike skeletons
  2 spriggan defenders (Depths:3)
  14 very ugly things
  17 stone giants
  15 quicksilver oozes
  8 formless jellyfish
  10 ironbound thunderhulks
  3 spectral caustic shrikes
  7 ghouls
  22 demonspawn blood saints
  19 ironbound preservers
  2 spectral titans
  An apis (Shoals:4)
  20 cacodemons (Pan)
  15 white draconians
  15 demonspawn black suns
  25 elemental wellsprings
  5 juggernaut skeletons (Pan)
  5 vampire knights
  14 putrid mouths
  10 green draconians
  8 deep elf annihilators
  A bunyip (shapeshifter) (Vaults:5)
  15 war gargoyles
  13 red draconians
  14 bennus
  5 deep elf demonologists
  13 dire elephants
  9 yellow draconians
  8 lorocyprocas
  14 deep elf death magi
  Azrael (D:14)
  5 spark wasps
  12 black draconians
  16 wendigos
  24 eidola
  2 crystal guardians
  13 purple draconians
  56 blizzard demons
  14 merfolk impalers
  The ghost of Wizop the Severer, a journeyman CoFi of Makhleb (Lair:2)
  6 merfolk javelineers
  5 fire dragons
  15 ettins
  25 mummy priests
  29 green deaths
  Fannar (D:10)
  9 jiangshi
  14 iron golems
  10 yaktaur captains
  8 ice dragons
  A quicksilver dragon zombie (Crypt:3)
  7 deep elf high priests
  An entropy weaver (Vaults:3)
  9 great orbs of eyes
  A spectral spriggan (Tar:1)
  10 hell beasts (Pan)
  45 vault guards
  Harold (D:10)
  Erolcha (D:10)
  7 hydras
  4 jorogumos
  9 salamander tyrants
  2 caustic shrike simulacra (Coc:4)
  7 juggernaut simulacra
  An alligator snapping turtle (Shoals:3)
  6 ironbound frosthearts
  3 ogre magi
  A peacekeeper (Vaults:4)
  8 rakshasas
  3 catoblepae
  5 spriggan air magi
  3 merfolk avatars
  16 centaur warriors
  13 anacondas
  12 merfolk aquamancers
  A fenstrider witch skeleton (Hell)
  4 satyrs
  16 two-headed ogres
  8 boulder beetles
  9 deep troll shamans
  4 stokers
  6 vampire magi
  5 deep troll earth magi
  94 death scarabs
  33 hell hogs
  3 death yaks
  2 thrashing horrors (Abyss:3)
  3 orc high priests
  42 dancing weapons
  4 shock serpents
  A spectral dire elephant (Tar:4)
  2 titan zombies
  9 tengu warriors
  2 spriggan berserkers (Depths:2)
  12 naga warriors
  3 occultists
  19 naga sharpshooters
  17 hell knights
  24 demonic crawlers
  Urug (D:11)
  A spectral naga (Tar:3)
  5 wretched stars (Abyss:3)
  3 hellephant skeletons (Pan)
  132 sun demons
  12 crystal echidnas
  20 deep elf knights
  67 soul eaters
  12 skysharks
  4 pharaoh ants
  2 storm dragon zombies
  30 sixfirhies
  9 skeletal warriors
  2 salamander mystics
  10 iron trolls
  A cherub (Shoals:4)
  6 quicksilver dragon simulacra
  17 shadow wraiths
  A spectral iron dragon (Tar:1)
  4 sea snakes
  A spectral anaconda (Tar:3)
  A golden dragon zombie (Zig:7)
  Lodul (D:11)
  3 bog bodies
  6 glowing orange brains
  A spectral bunyip (Tar:1)
  22 shadow demons
  2 iron giant skeletons
  11 mana vipers
  8 sun moths (Pan)
  43 deep trolls
  2 bunyip zombies
  6 arcanists
  2 thermic dynamos (Elf:1)
  6 obsidian statues
  2 bunyip skeletons
  5 naga ritualists
  10 deep elf archers
  19 ironbound convokers
  4 lindwurms
  4 orange crystal statues
  A harpy (shapeshifter) (D:15)
  A shadow dragon zombie (Crypt:3)
  An anaconda skeleton (Crypt:3)
  A sea snake (shapeshifter) (Vaults:5)
  61 large abominations
  18 phantasmal warriors
  3 flayed ghosts
  15 orc knights
  19 necromancers
  36 starcursed masses
  2 spriggan simulacra
  18 harpies
  A jorogumo zombie (Crypt:2)
  33 ugly things
  2 wolf spiders
  Pikel (D:6)
  21 fauns
  27 deep elf pyromancers
  25 deep elf zephyrmancers
  Maurice (D:9)
  8 orc sorcerers
  9 salamanders
  3 stone giant zombies
  5 shining eyes
  2 frost giant zombies
  14 moths of wrath
  10 manticores
  3 iron dragon zombies
  2 worldbinders (Abyss:3)
  8 cyclopes
  3 meliai (D:14)
  4 elephants (Lair:5)
  4 Executioner simulacra (Pan)
  A draconian skeleton (Crypt:3)
  9 merfolk sirens
  19 vault sentinels
  2 stone giant skeletons (Crypt:3)
  34 black mambas
  A water nymph (shapeshifter) (Vaults:1)
  2 naga zombies (Crypt:3)
  A dire elephant zombie (Hell)
  4 guardian serpents
  Joseph (D:10)
  3 molten gargoyles (Hell)
  8 water nymphs
  14 naga magi
  3 torpor snails (Zot:2)
  14 ice statues
  5 rust devils
  66 smoke demons
  3 eyes of devastation
  A centaur skeleton (Crypt:3)
  A titan simulacrum (Coc:3)
  An apocalypse crab (Abyss:3)
  4 gargoyles (D:8)
  An unseen horror (Depths:3)
  22 cane toads
  2 alligator snapping turtle zombies (Crypt:3)
  21 orange demons (Pan)
  A storm dragon simulacrum (Coc:2)
  An iron troll zombie (Crypt:2)
  2 rime drakes
  Jeremiah (D:7)
  A catoblepas zombie (Crypt:2)
  19 freezing wraiths
  2 kobold demonologists
  36 yaktaurs
  39 hellions
  11 ice devils
  23 tormentors
  4 komodo dragons
  An alligator snapping turtle skeleton (Crypt:2)
  3 ancient zymes (Abyss:3)
  13 efreet
  2 golden dragon simulacra
  3 spectral harpies
  4 anaconda simulacra
  52 guardian mummies
  7 tengu conjurers
  A hydra zombie (Hell)
  A catoblepas skeleton (Crypt:1)
  A yaktaur skeleton (Vaults:2)
  A harpy zombie (Crypt:3)
  5 red devils
  22 merfolk
  4 polar bears
  A silent spectre (Tar:6)
  46 hellwings
  A hydra skeleton (Tomb:2)
  8 trolls
  A merfolk (shapeshifter) (Depths:4)
  5 hornets
  2 wind drakes
  7 raiju
  3 harpy skeletons
  An ettin zombie (Crypt:3)
  10 snapping turtles
  4 dream sheep
  8 glass eyes
  A tarantella (shapeshifter) (Vaults:1)
  A shadow dragon simulacrum (Zot:4)
  20 blink frogs
  An iron dragon simulacrum (Coc:6)
  A draconian simulacrum (Zot:4)
  110 slime creatures
  6 spriggan zombies
  4 jumping spiders
  8 spriggans
  A centaur simulacrum (Coc:2)
  4 spriggan skeletons
  22 water elementals
  39 yaks
  7 dire elephant simulacra
  17 ushabtiu
  An ice dragon skeleton (Crypt:2)
  4 naga simulacra
  6 wraiths
  39 ynoxinuls
  An ettin skeleton (Depths:1)
  7 fire elementals
  A yak (shapeshifter) (D:13)
  3 basilisks
  A slime creature zombie (Crypt:2)
  15 golden eyes
  10 vampire mosquitoes
  3 wargs
  13 wyverns
  A black draconian simulacrum (Zot:4)
  6 redbacks
  6 steam dragons
  A purple draconian simulacrum (Zot:4)
  56 chaos spawn
  An alligator snapping turtle simulacrum (Coc:3)
  46 neqoxecs
  11 harpy simulacra
  50 nagas
  A swamp worm (shapeshifter) (Vaults:5)
  2 hydra simulacra
  24 water moccasins
  A naga skeleton (Tomb:2)
  6 hell hounds
  A moth of wrath simulacrum (Zot:4)
  2 swamp drakes
  A sky beast (D:7)
  A snapping turtle zombie (Crypt:2)
  A faun skeleton (Crypt:1)
  3 black bears
  40 orc warriors
  18 laughing skulls
  5 ettin simulacra (Coc:7)
  An ice beast (D:6)
  11 wolves
  2 boggarts
  20 ogres
  13 centaurs
  An elf simulacrum (Vaults:2)
  A lemure (D:6)
  5 weeping skulls
  3 phantoms
  A draconian zombie (Crypt:1)
  2 brain worms (Abyss:3)
  4 kobold brigands
  19 bullfrogs
  A komodo dragon skeleton (Crypt:1)
  15 small abominations
  A wight (D:4)
  9 wyvern skeletons (Crypt:3)
  A water moccasin skeleton (Crypt:1)
  2 electric eels (Elf:3)
  5 howler monkeys
  A bullfrog zombie (D:4)
  2 bombardier beetles (D:4)
  8 crimson imps (D:11)
  A quasit (Abyss:3)
  A wolf skeleton (Crypt:1)
  2 human zombies
  A hound (D:6)
  2 jellies (D:5)
  A gnoll bouda (D:5)
  17 orc priests
  A scorpion zombie (D:4)
  3 sleepcaps
  4 iguanas
  29 orc wizards
  A crocodile zombie (Crypt:1)
  2 hound zombies (D:4)
  57 mummies
  15 gnolls
  6 river rats (Sewer)
  5 adders (Sewer)
  2 shadow imps (D:7)
  5 white imps
  3 adder zombies (D:4)
  A lava snake zombie (Crypt:2)
  5 dart slugs
  2 ribbon worms
  72 orcs
  11 endoplasms
  4 giant cockroaches
  5 goblins
  5 hobgoblins
  7 quokkas
  14 ball pythons
  4 bats
  A bombardier beetle zombie (Crypt:1)
  A dart slug zombie (Crypt:1)
  6 frilled lizards
  A gnoll skeleton (Crypt:1)
  A hobgoblin zombie (Crypt:1)
  31 kobolds
  29 rats
  2 aspiring fleshes (Pan)
  12 butterflies (Vaults:4)
  A creeping inferno (Geh:7)
  3 fire vortices (Geh:7)
  4 starspawn tentacles (Abyss:3)
  A tentacle (Shoals:1)
4650 creatures vanquished.

Vanquished Creatures (collateral kills)
  2 neqoxecs (Pan)
2 creatures vanquished.

Vanquished Creatures (others)
  A curse toe (Zot:5)
  Margery (Vaults:5)
  3 eldritch tentacles
  A nagaraja (Pan)
  A fenstrider witch (Pan)
  2 draconian shifters (Zot:5)
  A ghost moth (Zot:1)
  A draconian stormcaller (Zot:5)
  A draconian annihilator (Zot:3)
  A green draconian (Zot:5)
  An elemental wellspring (Coc:5)
  A red draconian (Zot:5)
  A merfolk aquamancer (Pan)
  A death scarab (Tomb:2)
  A quicksilver dragon simulacrum (Coc:4)
  A deep elf pyromancer (Elf:2)
  A hellwing (Pan)
  A vampire (D:9)
  A ynoxinul (Pan)
  A golden eye (Pan)
  3 neqoxecs (Pan)
  A naga simulacrum (Coc:2)
  12 ball lightnings (Pan)
  3 creeping infernos (Geh:7)
  20 starspawn tentacles
  4 tentacles (Shoals:1)
66 creatures vanquished.

Grand Total: 4718 creatures vanquished

Notes
Turn   | Place    | Note
-------+----------+-------------------------------------------
     0 | D:1      | mn3067 the Troll Fighter began the quest for the Orb.
     0 | D:1      | Reached XP level 1. HP: 22/22 MP: 0/0
   179 | D:1      | Reached XP level 2. HP: 29/29 MP: 1/1
   823 | D:2      | Reached XP level 3. HP: 23/36 MP: 2/2
  1647 | D:3      | Reached XP level 4. HP: 37/44 MP: 3/3
  2090 | D:4      | Noticed a water moccasin
  2098 | D:4      | Killed a water moccasin
  2099 | D:4      | Reached XP level 5. HP: 44/53 MP: 4/4
  2111 | D:4      | Reached XP level 6. HP: 43/61 MP: 5/5
  2183 | D:4      | Found an iron altar of Okawaru.
  2299 | D:4      | Found a basalt altar of Yredelemnul.
  2421 | D:4      | Reached skill level 5 in Unarmed Combat
  2426 | D:4      | Found a glowing drain.
  2432 | Sewer    | Entered a sewer
  2457 | Sewer    | Reached XP level 7. HP: 62/67 MP: 6/6
  3172 | D:5      | Entered Level 5 of the Dungeon
  3172 | D:5      | Found Xeezixew's Armour Shop.
  3215 | D:5      | Found a hazy altar of Hepliaklqana.
  3274 | D:5      | Noticed a +0 dagger
  3274 | D:5      | Noticed a +0 dagger
  3275 | D:5      | Found a hide-covered altar of Uskayaw.
  3293 | D:5      | Reached XP level 8. HP: 75/78 MP: 7/7
  3318 | D:5      | Found a staircase to the Ecumenical Temple.
  3359 | D:5      | Found Lalour's Book Shoppe.
  3391 | Temple   | Entered the Ecumenical Temple
  3429 | D:5      | Found Seud's Book Boutique.
  3519 | D:5      | Identified the +6 long sword "Yvelir" {elec, rElec}
  3527 | D:5      | Reached skill level 5 in Shields
  3704 | D:5      | Found an ancient bone altar of Kikubaaqudgha.
  3787 | D:5      | Found Sizipuo's Magic Scroll Shoppe.
  3795 | D:5      | Bought a scroll of revelation for 97 gold pieces
  3795 | D:5      | Bought a scroll of identify for 26 gold pieces
  4005 | D:6      | Reached skill level 5 in Fighting
  4064 | D:6      | Noticed Pikel
  4076 | D:6      | Killed Pikel
  4077 | D:6      | Reached skill level 5 in Dodging
  4077 | D:6      | Reached XP level 9. HP: 88/88 MP: 8/8
  4140 | D:6      | Found a glowing silver altar of Zin.
  4149 | D:6      | Found an ornate altar of the Wu Jian Council.
  4151 | D:6      | Found a sparkling altar of Nemelex Xobeh.
  4151 | D:6      | Found a bloodstained altar of Trog.
  4157 | D:6      | Became a worshipper of the Wu Jian Council
  4234 | D:6      | Found Lokoz's Antique Weapon Shoppe.
  4579 | D:6      | Found a burning altar of Makhleb.
  4809 | D:7      | Noticed Jeremiah
  4854 | D:7      | Killed Jeremiah
  4903 | D:7      | Reached * piety under Wu Jian
  5319 | D:7      | Found a shadowy altar of Dithmenos.
  5356 | D:7      | Found Leamaza's Antique Armour Shoppe.
  5359 | D:7      | Bought an embroidered hat for 147 gold pieces
  5359 | D:7      | Bought a jewelled scarf for 210 gold pieces
  5359 | D:7      | Identified the scarf of the Sixty-Six Loafs {+Inv, Str+4}
                  | (You bought it in a shop on level 7 of the Dungeon)
  5442 | D:8      | Noticed a gargoyle
  5451 | D:8      | Killed a gargoyle
  5452 | D:8      | Reached XP level 10. HP: 52/98 MP: 9/9
  5501 | D:8      | Noticed a gargoyle
  5503 | D:8      | Killed a gargoyle
  5516 | D:8      | Noticed a gargoyle
  5518 | D:8      | Killed a gargoyle
  5529 | D:8      | Noticed a gargoyle
  5533 | D:8      | Killed a gargoyle
  5580 | D:8      | Reached skill level 10 in Unarmed Combat
  5864 | D:8      | Reached ** piety under Wu Jian
  5939 | D:8      | Found a staircase to the Lair.
  6424 | D:9      | Noticed Maurice
  6448 | D:9      | Maurice stole 7 large rocks
  6449 | D:9      | Killed Maurice
  6475 | D:9      | Found a flagged portal.
  6488 | Bailey   | Entered a bailey
  6540 | Bailey   | Noticed a two-headed ogre
  6549 | Bailey   | Killed a two-headed ogre
  6604 | Bailey   | Reached XP level 11. HP: 107/107 MP: 10/10
  6921 | D:9      | Found a runed translucent door.
  6996 | D:9      | Found a sacrificial altar of Ru.
  7110 | D:9      | Noticed a centaur warrior
  7120 | D:9      | Killed a centaur warrior
  7235 | D:9      | Found a white marble altar of Elyvilon.
  7513 | D:10     | Entered Level 10 of the Dungeon
  7518 | D:9      | Reached *** piety under Wu Jian
  7535 | D:10     | Noticed Erolcha
  7543 | D:10     | Killed Erolcha
  7590 | D:10     | Noticed Harold
  7712 | D:10     | Killed Harold
  7935 | D:10     | Noticed a two-headed ogre
  7941 | D:10     | Killed a two-headed ogre
  7963 | D:10     | Noticed Joseph
  7971 | D:10     | Killed Joseph
  8059 | D:10     | Noticed Fannar
  8077 | D:10     | Noticed a two-headed ogre
  8082 | D:10     | Killed Fannar
  8083 | D:10     | Reached XP level 12. HP: 101/119 MP: 11/11
  8095 | D:10     | Killed a two-headed ogre
  8563 | D:11     | Noticed a two-headed ogre
  8566 | D:11     | Killed a two-headed ogre
  8911 | D:11     | Reached **** piety under Wu Jian
  8996 | D:11     | Noticed Urug
  9016 | D:11     | Killed Urug
  9034 | D:11     | Noticed Lodul
  9037 | D:11     | Killed Lodul
  9262 | D:11     | Noticed a boulder beetle
  9265 | D:11     | Killed a boulder beetle
  9541 | D:12     | Noticed a two-headed ogre
  9547 | D:12     | Killed a two-headed ogre
  9661 | D:12     | Noticed a two-headed ogre
  9663 | D:12     | Killed a two-headed ogre
  9697 | D:12     | Found a transporter.
  9758 | D:12     | Reached ***** piety under Wu Jian
 10071 | D:12     | Found a staircase to the Orcish Mines.
 10212 | D:12     | Found a transporter.
 10255 | D:13     | Found a broken altar of Ashenzari.
 10413 | Lair:1   | Entered Level 1 of the Lair of Beasts
 10601 | Lair:1   | Reached XP level 13. HP: 124/130 MP: 12/12
 11373 | Lair:2   | Reached skill level 10 in Shields
 11377 | Lair:2   | Found a runed translucent door.
 11384 | Lair:2   | Found a shimmering altar of Xom.
 11384 | Lair:2   | Noticed Wizop's ghost (journeyman CoFi)
 12071 | Lair:2   | Killed Wizop's ghost
 12427 | Lair:3   | Reached skill level 15 in Unarmed Combat
 12517 | Lair:3   | Found a staircase to the Shoals.
 13280 | Lair:3   | Found a staircase to the Snake Pit.
 14169 | Lair:5   | Entered Level 5 of the Lair of Beasts
 14208 | Lair:5   | Paralysed by a hornet for 3 turns
 14287 | Lair:5   | Found a staircase to the Slime Pits.
 14310 | Lair:5   | Reached XP level 14. HP: 141/141 MP: 13/13
 14574 | Lair:5   | Reached skill level 10 in Fighting
 15779 | Orc:1    | Entered Level 1 of the Orcish Mines
 15892 | Orc:2    | Entered Level 2 of the Orcish Mines
 15900 | Orc:2    | Reached ****** piety under Wu Jian
 16121 | Orc:2    | Paralysed by an orc sorcerer for 2 turns
 16128 | Orc:2    | Found a staircase to the Elven Halls.
 16130 | Orc:2    | Noticed an orc warlord
 16276 | Orc:2    | Paralysed by an orc sorcerer for 4 turns
 16959 | Orc:2    | Killed an orc warlord
 16974 | Orc:2    | Found a roughly hewn altar of Beogh.
 16981 | Orc:2    | Paralysed by an orc sorcerer for 5 turns
 16993 | Orc:2    | Found Cudiuqirgh's General Store.
 17022 | Orc:2    | Found Raenier's Antique Weapon Shoppe.
 17063 | Orc:2    | Found Abiamiywn's Antique Weapon Emporium.
 17069 | Orc:2    | Found a roughly hewn altar of Beogh.
 17111 | Orc:2    | Found Ulecimp's Antique Armour Shoppe.
 17126 | Orc:2    | Found Woacuz's Book Shoppe.
 17370 | Orc:2    | Bought a potion of might for 52 gold pieces
 17370 | Orc:2    | Bought the ring "Soepoc" {Ice rElec rPois SInv} for 616
                  | gold pieces
 17370 | Orc:2    | Bought 2 potions of mutation for 208 gold pieces
 17370 | Orc:2    | Bought a scroll of enchant armour for 97 gold pieces
 17666 | Orc:1    | Reached XP level 15. HP: 114/149 MP: 14/14
 18839 | D:14     | Noticed Rupert
 18845 | D:14     | Killed Rupert
 19061 | D:14     | Noticed Azrael
 19236 | D:14     | Killed Azrael
 19401 | D:14     | Found a stormy altar of Qazlal.
 19479 | D:14     | Found a gate to the Vaults.
 19615 | D:14     | Noticed Louise
 19622 | Abyss:2  | Cast into level 2 of the Abyss (Louise)
 19663 | Abyss:2  | Found a corrupted altar of Lugonu.
 19827 | Abyss:2  | Noticed a tentacled starspawn
 19831 | Abyss:2  | Killed a tentacled starspawn
 19932 | Abyss:2  | Noticed a tentacled starspawn
 19936 | Abyss:2  | Noticed a tentacled starspawn
 19944 | Abyss:2  | Killed a tentacled starspawn
 19950 | Abyss:2  | Gained mutation: Your body sometimes deteriorates upon
                  | taking damage. [a neqoxec]
 19952 | Abyss:2  | Killed a tentacled starspawn
 19955 | D:14     | Escaped the Abyss
 19968 | D:14     | Killed Louise
 20063 | D:14     | Noticed Jorgrun
 20077 | D:14     | Killed Jorgrun
 20219 | D:15     | Entered Level 15 of the Dungeon
 20392 | D:15     | Found a staircase to the Depths.
 20488 | D:15     | Reached XP level 16. HP: 133/165 MP: 15/15
 21084 | D:15     | Got the Quarto of Rime and Clay
 21141 | D:15     | Found Xisoat's Distillery.
 21155 | D:15     | Bought 2 potions of haste for 340 gold pieces
 21155 | D:15     | Bought a potion of mutation for 136 gold pieces
 21155 | D:15     | Bought a potion of invisibility for 136 gold pieces
 21587 | Shoals:1 | Entered Level 1 of the Shoals
 22719 | Shoals:1 | Found a runed translucent gate.
 22720 | Shoals:1 | Found a runed translucent gate.
 22721 | Shoals:1 | Found a runed translucent gate.
 22722 | Shoals:1 | Found an opulent altar of Gozag.
 22723 | Shoals:1 | Noticed Jema's ghost (adept HuCj)
 22736 | Shoals:1 | Noticed a kraken
 22750 | Shoals:1 | Killed a kraken
 24474 | Shoals:3 | Reached XP level 17. HP: 155/175 MP: 16/16
 25181 | Shoals:4 | Entered Level 4 of the Shoals
 25683 | Shoals:4 | Found a glowing silver altar of Zin.
 26365 | Shoals:4 | Noticed Mara
 26373 | Shoals:4 | Found a glowing golden altar of the Shining One.
 26374 | Shoals:4 | Killed Mara
 26508 | Shoals:4 | Got a barnacled rune of Zot
 26566 | Shoals:4 | Identified the +0 hand axe of Hacking and Slashing {freeze,
                  | *Slow Dex+8}
 26676 | Shoals:4 | Identified the +7 orcbow "Sifurav" {speed, rPois Dex+2}
 26715 | Shoals:4 | Got the Lessons on the Fulgurous End
 27522 | Snake:1  | Entered Level 1 of the Snake Pit
 27596 | Snake:1  | Noticed Roxanne
 27618 | Snake:1  | Killed Roxanne
 27758 | Snake:1  | Reached skill level 1 in Shapeshifting
 27884 | Snake:1  | Identified the +1 lajatang of the Distant Future {freeze,
                  | rPois rC+ Dex+2}
 28304 | Snake:2  | Identified the ring "Sexivi" {rCorr MP+9 Str-4 Int+6
                  | Slay+4}
 28415 | Snake:2  | Reached skill level 5 in Shapeshifting
 28611 | Snake:2  | Reached XP level 18. HP: 187/187 MP: 17/17
 28739 | Snake:2  | Noticed Saint Roka
 29097 | Snake:2  | Killed Saint Roka
 29793 | Snake:3  | Found a transporter.
 29799 | Snake:3  | Found a transporter.
 29824 | Snake:3  | Found a stormy altar of Qazlal.
 29860 | Snake:3  | Identified the +0 great sword of Crystal {vamp, rPois rF+}
 30150 | Snake:3  | Noticed Donald
 30158 | Snake:3  | Killed Donald
 30560 | Snake:3  | Noticed Iheguu's ghost (adept DsEE)
 30873 | Snake:4  | Entered Level 4 of the Snake Pit
 30969 | Snake:4  | Reached skill level 10 in Shapeshifting
 32087 | Snake:4  | HP: 6/187 [nagaraja/+0 spear (11)]
 32391 | Snake:4  | Got a serpentine rune of Zot
 33099 | Vaults:1 | Entered Level 1 of the Vaults
 33946 | Vaults:1 | Reached XP level 19. HP: 175/195 MP: 18/18
 34051 | Vaults:1 | Noticed an ancient lich
 34058 | Vaults:1 | Killed an ancient lich
 34649 | Vaults:2 | Found Nacluyr's Antique Weapon Shop.
 34711 | Vaults:2 | Reached skill level 15 in Shapeshifting
 35340 | Vaults:2 | Identified the +1 pair of boots of Xaythrija {rPois Will++
                  | Int+2 Dex-5}
 35631 | Vaults:3 | Found a staircase to the Crypt.
 35631 | Vaults:3 | Found an ancient bone altar of Kikubaaqudgha.
 35632 | Vaults:3 | Found a basalt altar of Yredelemnul.
 35949 | Vaults:3 | Reached XP level 20. HP: 205/205 MP: 19/19
 35959 | Vaults:3 | Reached skill level 15 in Shields
 36596 | Vaults:4 | Found Fosunisuu's Book Emporium.
 36667 | Vaults:4 | Noticed a dread lich
 36674 | Vaults:4 | Killed a dread lich
 37163 | Vaults:4 | Identified the +11 sling "Zuxiazu" {flame, Dex+4}
 37435 | Vaults:4 | Found a huge runed translucent gate.
 37435 | Vaults:4 | Found a huge runed translucent gate.
 37435 | Vaults:4 | Found a huge runed translucent gate.
 37435 | Vaults:4 | Found a huge runed translucent gate.
 37435 | Vaults:4 | Found a huge runed translucent gate.
 37435 | Vaults:4 | Found a huge runed translucent gate.
 37435 | Vaults:4 | Found a huge runed translucent gate.
 37435 | Vaults:4 | Found a huge runed translucent gate.
 37435 | Vaults:4 | Found a huge runed translucent gate.
 37435 | Vaults:4 | Noticed Sojobo
 37440 | Vaults:4 | Paralysed by an air elemental for 1 turns
 37442 | Vaults:4 | Killed Sojobo
 37445 | Vaults:4 | Found a huge runed translucent gate.
 37445 | Vaults:4 | Found a huge runed translucent gate.
 37445 | Vaults:4 | Found a huge runed translucent gate.
 37445 | Vaults:4 | Found a huge runed translucent gate.
 37445 | Vaults:4 | Found a huge runed translucent gate.
 37445 | Vaults:4 | Found a huge runed translucent gate.
 37470 | Vaults:4 | Found a huge runed translucent gate.
 37471 | Vaults:4 | Found a huge runed translucent gate.
 37472 | Vaults:4 | Found a huge runed translucent gate.
 37472 | Vaults:4 | Found a huge runed translucent gate.
 37481 | Vaults:4 | Found a huge runed translucent gate.
 37482 | Vaults:4 | Found a huge runed translucent gate.
 37483 | Vaults:4 | Found a huge runed translucent gate.
 37484 | Vaults:4 | Found a huge runed translucent gate.
 37484 | Vaults:4 | Found a huge runed translucent gate.
 37497 | Vaults:4 | Found a huge runed translucent gate.
 37498 | Vaults:4 | Found a huge runed translucent gate.
 37498 | Vaults:4 | Found a huge runed translucent gate.
 37498 | Vaults:4 | Found a huge runed translucent gate.
 37498 | Vaults:4 | Found a huge runed translucent gate.
 37500 | Vaults:4 | Found a huge runed translucent gate.
 37501 | Vaults:4 | Found a huge runed translucent gate.
 37502 | Vaults:4 | Found a huge runed translucent gate.
 37502 | Vaults:4 | Found a huge runed translucent gate.
 37507 | Vaults:4 | Found a huge runed translucent gate.
 37508 | Vaults:4 | Found a huge runed translucent gate.
 37508 | Vaults:4 | Found a huge runed translucent gate.
 38105 | Elf:1    | Entered Level 1 of the Elven Halls
 38105 | Elf:1    | Found a runed translucent gate.
 38105 | Elf:1    | Found a runed translucent gate.
 38105 | Elf:1    | Found a runed translucent gate.
 38105 | Elf:1    | Found a runed translucent gate.
 38105 | Elf:1    | Found a runed translucent gate.
 38105 | Elf:1    | Found a runed translucent gate.
 38106 | Elf:1    | Found a runed translucent door.
 38112 | Abyss:3  | Found a large runed translucent door.
 38112 | Abyss:3  | Found a large runed translucent door.
 38112 | Abyss:3  | Cast into level 3 of the Abyss (a deep elf sorcerer)
 38172 | Abyss:3  | Gained mutation: You are partially covered in iridescent
                  | scales. (AC +2) [a neqoxec]
 38178 | Abyss:3  | Found a large runed translucent door.
 38178 | Abyss:3  | Found a large runed translucent door.
 38251 | Abyss:3  | Noticed a bone dragon
 38257 | Abyss:3  | Killed a bone dragon
 38308 | Elf:1    | Escaped the Abyss
 38390 | Elf:1    | Found a runed translucent door.
 38535 | Elf:1    | Found Bynisheg's Book Emporium.
 38676 | Elf:1    | Reached XP level 21. HP: 215/215 MP: 20/20
 38773 | Elf:1    | Got Iskenderun's Precepts of Arcane Weapons
 39993 | Elf:2    | Found a runed translucent gate.
 39993 | Elf:2    | Found a runed translucent gate.
 39993 | Elf:2    | Found a runed translucent gate.
 39997 | Elf:2    | Reached skill level 15 in Fighting
 40420 | Elf:3    | Entered Level 3 of the Elven Halls
 40420 | Elf:3    | Found Fucw's Book Shop.
 40490 | Elf:2    | Found an ancient bone altar of Kikubaaqudgha.
 40593 | Abyss:3  | Found a corrupted altar of Lugonu.
 40593 | Abyss:3  | Cast into level 3 of the Abyss (a deep elf sorcerer)
 40680 | Abyss:3  | Found a corrupted altar of Lugonu.
 40718 | Abyss:3  | Found a corrupted altar of Lugonu.
 40825 | Abyss:3  | Paralysed by accursed screaming for 1 turns
 40853 | Elf:3    | Escaped the Abyss
 41623 | Elf:3    | Identified the ring "Bezo" {rPois rF+ Str+6 Dex+3}
 41629 | Elf:3    | Identified the +0 troll leather armour "Goppuabi" {Regen+
                  | Str+4}
 41631 | Elf:3    | Identified the +8 morningstar of Lust {elec, rF+ SInv}
 42288 | Crypt:1  | Entered Level 1 of the Crypt
 42325 | Crypt:1  | Reached XP level 22. HP: 230/230 MP: 21/21
 42441 | Crypt:1  | Paralysed by a vampire knight for 3 turns
 43115 | Crypt:1  | Identified the +9 dagger "Gumiat" {drain, rF- rCorr Str+2
                  | Int+5}
 43300 | Crypt:2  | Noticed Khufu
 43304 | Crypt:2  | Noticed a royal mummy
 43311 | Crypt:2  | Killed Khufu
 43317 | Crypt:2  | Killed a royal mummy
 43972 | Crypt:2  | Paralysed by something for 5 turns
 44261 | Crypt:3  | Entered Level 3 of the Crypt
 44348 | Crypt:3  | Noticed Mennas
 44360 | Crypt:3  | Killed Mennas
 44577 | Crypt:3  | Noticed Zenata
 44591 | Crypt:3  | Killed Zenata
 44920 | Crypt:3  | Found a staircase to the Tomb.
 45151 | Crypt:3  | Found an ancient bone altar of Kikubaaqudgha.
 45282 | Crypt:3  | Noticed an ancient lich
 45285 | Crypt:3  | Killed an ancient lich
 45335 | Crypt:3  | Got Sif Muna's Handbook of Ice
 45339 | Crypt:3  | Got the Atlas of Mortification
 45341 | Crypt:3  | Got the Incunabulum of Allies and Malisons
 45519 | Crypt:3  | Identified the ring "Vokups" {rN++ EV+5 Int+3}
 45519 | Crypt:3  | Identified the ring "Joil Pei" {rElec rPois rN++}
 45519 | Crypt:3  | Identified the ring "Gaciuh" {*Slow rN++ Int+6 Dex+2}
 45898 | Crypt:3  | Identified the +6 dagger of Tenacity {heavy, rN+}
 46609 | Depths:1 | Entered Level 1 of the Depths
 46682 | Depths:1 | Reached XP level 23. HP: 247/247 MP: 22/22
 47040 | Depths:1 | Found a gateway to Hell.
 47075 | Depths:1 | Found a shimmering altar of Xom.
 47220 | Depths:1 | Found a blossoming altar of Fedhas.
 47749 | Depths:2 | Identified the +5 hand axe of Law {elec, rElec}
 47770 | Depths:2 | Found a one-way gate leading to the halls of Pandemonium.
 47942 | Depths:2 | Found a one-way gateway to a ziggurat.
 47961 | Depths:2 | Noticed Norris
 47994 | Depths:2 | Killed Norris
 48090 | Depths:2 | Found a runed translucent gate.
 48090 | Depths:2 | Found a runed translucent gate.
 48090 | Depths:2 | Found a runed translucent gate.
 48104 | Depths:2 | Found a one-way gate to the infinite horrors of the Abyss.
 48221 | Depths:2 | Found a runed translucent gate.
 48221 | Depths:2 | Found a runed translucent gate.
 48221 | Depths:2 | Found a runed translucent gate.
 48225 | Depths:2 | Identified the +8 shortbow of Flawed Execution {freeze, Fly
                  | MP-9 Str+4}
 48304 | Depths:2 | Found a portal to a secret trove of treasure.
 48644 | Depths:2 | Got Sif Muna's Octavo of Intense Attendants
 49035 | Depths:3 | Noticed Vv
 49041 | Depths:3 | Noticed Jory
 49044 | Depths:3 | Killed Vv
 49052 | Depths:3 | Killed Jory
 49207 | Depths:3 | Identified the +2 robe of Luekhleh {Str+3}
 49207 | Depths:3 | Noticed Boris
 49213 | Depths:3 | Killed Boris
 49785 | Depths:4 | Entered Level 4 of the Depths
 49986 | Depths:4 | Noticed a caustic shrike
 49995 | Depths:4 | Killed a caustic shrike
 50187 | Depths:4 | Reached XP level 24. HP: 263/263 MP: 22/22
 50547 | Depths:4 | Noticed a juggernaut
 50551 | Depths:4 | Killed a juggernaut
 50863 | Depths:4 | Found a gate to the Realm of Zot.
 51335 | Slime:1  | Entered Level 1 of the Pits of Slime
 51650 | Slime:2  | Noticed Dissolution
 52050 | Slime:3  | You fall into a shaft and drop 1 floor!
 52303 | Slime:5  | Entered Level 5 of the Pits of Slime
 52341 | Slime:5  | Noticed the Royal Jelly
 52344 | Slime:5  | Killed the Royal Jelly
 52665 | Slime:5  | Identified the +6 rapier of Rubbish {flame, rCorr Str+6
                  | Dex-3}
 52736 | Slime:5  | Got a slimy rune of Zot
 52740 | Slime:5  | Identified the +9 quarterstaff of Doom {flame, rN+ Dex+3}
 53622 | Zot:1    | Entered Level 1 of the Realm of Zot
 54374 | Zot:1    | Found a large runed translucent door.
 54375 | Zot:1    | Found a large runed translucent door.
 54375 | Zot:1    | Noticed Anuegiwi's ghost (veteran AtFi)
 54462 | Zot:1    | Killed Anuegiwi's ghost
 54620 | Zot:2    | Reached XP level 25. HP: 268/268 MP: 22/22
 55385 | Zot:3    | Noticed Grunn
 55388 | Zot:3    | Killed Grunn
 55419 | Zot:3    | Reached skill level 1 in Armour
 55525 | Zot:3    | Noticed a Killer Klown
 55536 | Zot:3    | Killed a Killer Klown
 55703 | Zot:3    | Reached skill level 5 in Armour
 56179 | Zot:4    | Found the +0 mask of the Dragon {Will+ Slay+3 SInv}
 56183 | Zot:4    | Noticed an orb of fire
 56188 | Zot:4    | Identified the staff "Zeass" {rPois rC+ Int+4 Hexes Ice}
 56188 | Zot:4    | Identified the ring "Juxt" {Ice rPois rN+}
 56188 | Zot:4    | Noticed Josephina
 56194 | Zot:4    | Killed an orb of fire
 56196 | Zot:4    | Killed Josephina
 56311 | Zot:4    | Reached skill level 10 in Armour
 56313 | Zot:4    | Found a transporter.
 56342 | Zot:4    | Reached XP level 26. HP: 217/282 MP: 9/22
 56350 | Zot:4    | Found a transporter.
 56491 | Zot:4    | Identified the ring of Geott {Fly rN+ Will+ Str+2}
 57235 | Zot:4    | Upgraded the game from 0.32-a0-599-gba8f9cf90e to
                  | 0.32-a0-607-g64ea0e4219
 57861 | Vaults:5 | Entered Level 5 of the Vaults
 57995 | Vaults:5 | Found Xud Gim's Antique Weapon Boutique.
 58050 | Vaults:5 | Identified the staff "mn3067's Curse" {rN+ Str+4 Necro}
 58071 | Vaults:5 | Noticed Margery
 58084 | Vaults:5 | Killed Margery
 58545 | Vaults:5 | Identified the +6 great sword of Bloody Death {freeze,
                  | +Blink Dex+3}
 58607 | Vaults:5 | Noticed a dread lich
 58616 | Vaults:5 | Killed a dread lich
 58704 | Vaults:5 | Reached skill level 15 in Armour
 58721 | Vaults:5 | Got a silver rune of Zot
 58971 | Vaults:5 | Identified the ring of Xom's Attic {Fire rN+ Str+2}
 58973 | Vaults:5 | Identified the ring "Yzxiat" {rElec AC+4 Str+5 Dex+5}
 59100 | Vaults:5 | Identified the +9 lajatang of Harmony {distort, Will+++
                  | MP-9 Int-2 SInv}
 59311 | Vaults:5 | Upgraded the game from 0.32-a0-607-g64ea0e4219 to
                  | 0.32-a0-646-g91cf321817
 59616 | Zig:1    | Entered Level 1 of a ziggurat
 59617 | Zig:1    | Noticed Qilogear the pandemonium lord
 59620 | Zig:1    | Killed Qilogear the pandemonium lord
 59634 | Zig:2    | Entered Level 2 of a ziggurat
 59684 | Zig:3    | Entered Level 3 of a ziggurat
 59686 | Zig:3    | Identified a scroll of acquirement
 59716 | Zig:3    | Acquired 591 gold pieces
 59725 | Zig:4    | Entered Level 4 of a ziggurat
 59741 | Zig:5    | Entered Level 5 of a ziggurat
 59838 | Zig:5    | Identified the +2 rapier of the Destroying Stoat {freeze,
                  | Dex+3}
 59847 | Zig:6    | Entered Level 6 of a ziggurat
 59854 | Zig:6    | Noticed Teuvvo Alisk the pandemonium lord
 59858 | Zig:6    | Killed Teuvvo Alisk the pandemonium lord
 59938 | Zig:7    | Entered Level 7 of a ziggurat
 59943 | Zig:7    | Noticed a royal mummy
 59948 | Zig:7    | Killed a royal mummy
 59958 | Zig:7    | Reached XP level 27. HP: 291/291 MP: 22/22
 60012 | Pan      | Entered Pandemonium
 60146 | Pan      | Noticed Runais the pandemonium lord
 60160 | Pan      | Killed Runais the pandemonium lord
 60338 | Pan      | Identified the +6 sling of Amiraf {drain, rC- Will+ Str+3}
 61522 | Pan      | Found a burning altar of Makhleb.
 61832 | Pan      | Noticed Feal the pandemonium lord
 61840 | Pan      | Killed Feal the pandemonium lord
 62407 | Pan      | Found a transporter.
 62499 | Pan      | Found a transporter.
 62932 | Pan      | Identified the ring "Ykleos" {Will+ rCorr Int+2 Stlth+}
 62948 | Pan      | Identified the ring of the Prince {rF++ rCorr Slay+2 SInv}
 63056 | Pan      | Noticed Kaez the pandemonium lord
 63062 | Pan      | Killed Kaez the pandemonium lord
 63893 | Pan      | Noticed Ubiw the pandemonium lord
 63909 | Pan      | Killed Ubiw the pandemonium lord
 64596 | Pan      | Found an exit through the horrors of the Abyss.
 64999 | Pan      | Noticed Fotonur the pandemonium lord
 65020 | Pan      | Killed Fotonur the pandemonium lord
 65198 | Pan      | Noticed Amucruda the pandemonium lord
 65207 | Pan      | Killed Amucruda the pandemonium lord
 65679 | Pan      | Found an exit through the horrors of the Abyss.
 66144 | Pan      | Noticed Allechowk the pandemonium lord
 66171 | Pan      | Killed Allechowk the pandemonium lord
 66297 | Pan      | Got a demonic rune of Zot
 66489 | Pan      | Noticed Ignacio
 66501 | Pan      | Killed Ignacio
 67249 | Pan      | Found an exit through the horrors of the Abyss.
 67360 | Pan      | Noticed Cighotu the pandemonium lord
 67384 | Pan      | Killed Cighotu the pandemonium lord
 68153 | Pan      | Noticed Dyuvvuamia the pandemonium lord
 68160 | Pan      | Killed Dyuvvuamia the pandemonium lord
 68807 | Pan      | Noticed Wellas the pandemonium lord
 68822 | Pan      | Killed Wellas the pandemonium lord
 69614 | Pan      | Entered the realm of Gloorx Vloq.
 69746 | Pan      | Noticed Gloorx Vloq
 69758 | Pan      | Killed Gloorx Vloq
 69952 | Pan      | Got a dark rune of Zot
 70883 | Pan      | Noticed Naanlyvu the pandemonium lord
 70888 | Pan      | Killed Naanlyvu the pandemonium lord
 71548 | Pan      | Entered the realm of Mnoleg.
 71568 | Pan      | Noticed Mnoleg
 71994 | Pan      | Killed Mnoleg
 72006 | Pan      | HP: 4/291 [neqoxec/psychic fangs (18)]
 72024 | Pan      | HP: 4/291 [neqoxec/psychic fangs (16)]
 72417 | Pan      | Got a glowing rune of Zot
 72751 | Pan      | Entered the realm of Cerebov.
 72753 | Pan      | Found an exit through the horrors of the Abyss.
 72779 | Pan      | Identified the ring "Caosexe" {Ice rN+ Int+4}
 73396 | Pan      | Identified the staff of Stained Reinforcement {*Slow Fly
                  | rF+ rN+++ Dex-4 Fire}
 73514 | Pan      | Found the +6 sword of Cerebov {flame}
 73514 | Pan      | Noticed Cerebov
 73538 | Pan      | Killed Cerebov
 73569 | Pan      | Identified the staff of Laklic {rPois rF+ rCorr Dex-3 Fire}
 73606 | Pan      | Identified the +10 morningstar of a Labyrinth {freeze,
                  | +Blink Will++ SInv}
 73608 | Pan      | Got a fiery rune of Zot
 73633 | Pan      | Identified the ring of Tomorrow {Fly rElec rC+ Will+ EV+5}
 73782 | Pan      | Entered the realm of Lom Lobon.
 73782 | Pan      | Noticed Lom Lobon
 73813 | Pan      | Killed Lom Lobon
 73999 | Pan      | Got a magical rune of Zot
 75669 | Pan      | Noticed Duosiep the pandemonium lord
 75894 | Pan      | Killed Duosiep the pandemonium lord
 76258 | Pan      | Acquired 448 gold pieces
 76512 | Pan      | Noticed Gall the pandemonium lord
 76528 | Pan      | Killed Gall the pandemonium lord
 76770 | Pan      | Reached skill level 27 in Shields
 76866 | Pan      | Found a corrupted altar of Lugonu.
 77148 | Depths:2 | Escaped Pandemonium
 77213 | Depths:2 | Voluntarily entered the Abyss.
 77531 | Abyss:3  | Got an abyssal rune of Zot
 77549 | Depths:2 | Escaped the Abyss
 77613 | Depths:2 | You showed the abyssal rune of Zot to enter a treasure
                  | trove
 77614 | Trove    | Entered a treasure trove
 77644 | Trove    | Identified the +3 longbow of Objectivity {antimagic, rC+
                  | Str+3 Dex+4}
 77646 | Trove    | Identified the +8 mace of Destiny {spect, Str+5}
 78203 | Shoals:1 | Killed Jema's ghost
 78438 | Snake:3  | Killed Iheguu's ghost
 79094 | Tomb:1   | Entered Level 1 of the Tomb of the Ancients
 79250 | Tomb:1   | Acquired 432 gold pieces
 79408 | Tomb:1   | Noticed a royal mummy
 79419 | Tomb:1   | Killed a royal mummy
 79425 | Tomb:1   | Reached skill level 27 in Unarmed Combat
 79429 | Tomb:1   | Reached skill level 27 in Shapeshifting
 79432 | Tomb:1   | Noticed a royal mummy
 79447 | Tomb:1   | Killed a royal mummy
 79468 | Tomb:1   | Noticed a royal mummy
 79473 | Tomb:1   | Killed a royal mummy
 79809 | Tomb:1   | Noticed a royal mummy
 79809 | Tomb:1   | Noticed a royal mummy
 79901 | Tomb:2   | Noticed a royal mummy
 79914 | Tomb:2   | Noticed a royal mummy
 79917 | Tomb:2   | Killed a royal mummy
 79918 | Tomb:2   | Noticed a royal mummy
 79922 | Tomb:2   | Killed a royal mummy
 79922 | Tomb:2   | Noticed a royal mummy
 79924 | Tomb:2   | Killed a royal mummy
 79931 | Tomb:2   | Killed a royal mummy
 80289 | Tomb:1   | Noticed a royal mummy
 80299 | Tomb:1   | Noticed a royal mummy
 80305 | Tomb:1   | Killed a royal mummy
 80309 | Tomb:1   | Killed a royal mummy
 80320 | Tomb:1   | Killed a royal mummy
 80371 | Tomb:1   | Noticed a royal mummy
 80390 | Tomb:1   | Killed a royal mummy
 80396 | Tomb:1   | Killed a royal mummy
 80397 | Tomb:1   | Noticed a royal mummy
 80404 | Tomb:1   | Killed a royal mummy
 80408 | Tomb:1   | Noticed a royal mummy
 80423 | Tomb:1   | Noticed a royal mummy
 80431 | Tomb:1   | Noticed a royal mummy
 80438 | Tomb:1   | Killed a royal mummy
 80448 | Tomb:1   | Noticed a royal mummy
 80455 | Tomb:1   | Noticed a royal mummy
 80457 | Tomb:1   | Noticed a royal mummy
 80702 | Tomb:1   | Killed a royal mummy
 80713 | Tomb:1   | Killed a royal mummy
 80756 | Tomb:1   | Killed a royal mummy
 80785 | Tomb:1   | Killed a royal mummy
 80873 | Tomb:2   | Paralysed by a Zot trap for 4 turns
 81015 | Tomb:3   | Entered Level 3 of the Tomb of the Ancients
 81053 | Tomb:3   | Noticed a royal mummy
 81053 | Tomb:3   | Noticed a royal mummy
 81055 | Tomb:3   | Noticed a royal mummy
 81061 | Tomb:3   | Noticed a royal mummy
 81066 | Tomb:3   | Noticed a royal mummy
 81070 | Tomb:3   | Killed a royal mummy
 81070 | Tomb:3   | Killed a royal mummy
 81072 | Tomb:3   | Killed a royal mummy
 81085 | Tomb:3   | Killed a royal mummy
 81088 | Tomb:3   | Noticed a royal mummy
 81090 | Tomb:3   | Noticed a royal mummy
 81092 | Tomb:3   | Killed a royal mummy
 81100 | Tomb:3   | Killed a royal mummy
 81103 | Tomb:3   | Noticed a royal mummy
 81106 | Tomb:3   | Killed a royal mummy
 81119 | Tomb:3   | Killed a royal mummy
 81128 | Tomb:3   | Noticed a royal mummy
 81130 | Tomb:3   | Killed a royal mummy
 81361 | Tomb:3   | Identified the +7 quick blade of Ypemab {heavy, Int+4}
 81404 | Tomb:3   | Got a golden rune of Zot
 81432 | Tomb:3   | Found the +2 pair of slick slippers {slick, slippery, EV+4}
 81486 | Tomb:3   | Identified the amulet of Xom's Whimsicality {+Inv rC-
                  | Regen+ Int+5}
 81489 | Tomb:3   | Identified the staff "Demon's Foe" {SInv Conj Hexes}
 81497 | Tomb:3   | Identified the +9 orcbow of Pride {flame, rElec rPois Str-5
                  | Int+2}
 81502 | Tomb:3   | Identified the ring of Addof {^Drain Int+3 Dex+6 Slay+5}
 81517 | Tomb:3   | Identified the +0 helmet "Zyqetigg" {-Tele ^Drain +Inv
                  | Will+++}
 81982 | Hell     | Entered the Vestibule of Hell
 81982 | Hell     | Noticed Geryon
 81991 | Hell     | Killed Geryon
 82013 | Hell     | Found a gateway to the freezing wastes of Cocytus.
 82096 | Hell     | Found a gateway to the ashen valley of Gehenna.
 82185 | Hell     | Found a gateway to the decaying netherworld of Tartarus.
 82312 | Hell     | Found a gateway to the Iron City of Dis.
 82387 | Dis:1    | Entered Level 1 of the Iron City of Dis
 82489 | Dis:3    | Noticed an ancient lich
 82491 | Dis:3    | Killed an ancient lich
 82753 | Dis:6    | Noticed a dread lich
 82762 | Dis:6    | Killed a dread lich
 82765 | Dis:7    | Entered Level 7 of the Iron City of Dis
 83513 | Dis:7    | Reached skill level 27 in Fighting
 83561 | Dis:7    | Noticed a juggernaut
 83566 | Dis:7    | Reached skill level 1 in Evocations
 83566 | Dis:7    | Killed a juggernaut
 83601 | Dis:7    | Identified the ring "Ceotaki" {Str+2 Dex+6}
 83899 | Dis:7    | Noticed a juggernaut
 83904 | Dis:7    | Killed a juggernaut
 83917 | Dis:7    | Noticed Dispater
 83925 | Dis:7    | Killed Dispater
 83962 | Dis:7    | Got the Dissertation on Kindled Formation
 83968 | Dis:7    | Got an iron rune of Zot
 84106 | Dis:7    | Noticed a juggernaut
 84112 | Dis:7    | Killed a juggernaut
 84158 | Dis:7    | Identified the +5 war axe of Ruination {vamp, Str+2}
 84173 | Dis:7    | Identified the +7 dagger "Niosey" {protect, rF+ Int+4}
 84421 | Tar:1    | Entered Level 1 of Tartarus
 84536 | Tar:1    | Reached skill level 5 in Evocations
 85285 | Tar:7    | Entered Level 7 of Tartarus
 85392 | Tar:7    | Noticed Ereshkigal
 85397 | Tar:7    | Noticed a dread lich
 85425 | Tar:7    | Identified the ring "Haudun" {rPois Dex+4}
 85427 | Tar:7    | Identified the amulet of Bunwolae {Spirit -Tele Str+8
                  | Dex+2}
 85443 | Tar:7    | Noticed the Serpent of Hell
 85445 | Tar:7    | Killed a dread lich
 85449 | Tar:7    | Killed the Serpent of Hell
 85483 | Tar:7    | Noticed a dread lich
 85485 | Tar:7    | Killed a dread lich
 85523 | Tar:7    | Noticed a dread lich
 85525 | Tar:7    | Noticed a dread lich
 85528 | Tar:7    | Killed a dread lich
 85528 | Tar:7    | Killed a dread lich
 85770 | Tar:7    | Identified the +3 great sword "Socusseh" {drain, rF+ Will+
                  | Int+4}
 86012 | Tar:7    | Killed Ereshkigal
 86136 | Tar:7    | Identified the ring of Motupt {rN+ Will+ EV+5 Int-4 Dex+2}
 86168 | Tar:7    | Identified the +5 giant spiked club of Huemeni {protect,
                  | Dex+6}
 86268 | Tar:7    | Identified the +6 flail "Vidueruw" {spect, rF+}
 86399 | Tar:7    | Got a bone rune of Zot
 86513 | Coc:1    | Entered Level 1 of Cocytus
 86517 | Coc:1    | You are sucked into a shaft and drop 1 floor!
 86538 | Coc:2    | Paralysed by a wendigo for 1 turns
 86871 | Coc:6    | Noticed a juggernaut
 86872 | Coc:6    | Noticed a juggernaut
 86873 | Coc:6    | Reached skill level 27 in Armour
 86876 | Coc:6    | Reached skill level 10 in Dodging
 86876 | Coc:6    | Reached skill level 10 in Evocations
 86881 | Coc:6    | Killed a juggernaut
 86892 | Coc:6    | Paralysed by a wendigo for 1 turns
 86897 | Coc:6    | Killed a juggernaut
 86925 | Coc:7    | Entered Level 7 of Cocytus
 87193 | Coc:7    | Identified the ring of the Ban {rPois rF+ Str+4 Int-3}
 87278 | Coc:7    | Noticed Antaeus
 87302 | Coc:7    | Killed Antaeus
 87355 | Coc:7    | Got an icy rune of Zot
 87482 | Coc:7    | Paralysed by a wendigo for 1 turns
 87639 | Coc:7    | Noticed an ancient lich
 87647 | Coc:7    | Killed an ancient lich
 87966 | Geh:1    | Entered Level 1 of Gehenna
 87976 | Geh:1    | Noticed a dread lich
 87978 | Geh:1    | Killed a dread lich
 88241 | Geh:2    | You are sucked into a shaft and drop 2 floors!
 88525 | Geh:7    | Entered Level 7 of Gehenna
 88937 | Geh:7    | Reached skill level 15 in Dodging
 89420 | Geh:7    | Identified the +0 arbalest of Noset {drain, Dex+2}
 89456 | Geh:7    | Found the +13 sceptre of Asmodeus
 89456 | Geh:7    | Noticed Asmodeus
 89464 | Geh:7    | Killed Asmodeus
 89585 | Geh:7    | Found the +13 scythe of Curses {drain, curses, ^Drain}
 89624 | Geh:7    | Identified the +1 scale mail of Baokkith {rC+}
 89634 | Geh:7    | Got an obsidian rune of Zot
 90153 | Zot:5    | Entered Level 5 of the Realm of Zot
 90174 | Zot:5    | Reached skill level 15 in Evocations
 90229 | Zot:5    | Noticed an orb of fire
 90305 | Zot:5    | Noticed an ancient lich
 90305 | Zot:5    | Noticed a dread lich
 90305 | Zot:5    | Noticed a dread lich
 90305 | Zot:5    | Noticed an ancient lich
 90305 | Zot:5    | Noticed an orb of fire
 90306 | Zot:5    | Noticed an orb of fire
 90310 | Zot:5    | Killed an orb of fire
 90310 | Zot:5    | Killed an ancient lich
 90312 | Zot:5    | Killed a dread lich
 90313 | Zot:5    | Killed an ancient lich
 90319 | Zot:5    | Killed an orb of fire
 90320 | Zot:5    | Noticed a dread lich
 90320 | Zot:5    | Noticed a dread lich
 90320 | Zot:5    | Noticed an orb of fire
 90320 | Zot:5    | Noticed an ancient lich
 90320 | Zot:5    | Noticed a dread lich
 90320 | Zot:5    | Noticed an ancient lich
 90322 | Zot:5    | Noticed an ancient lich
 90325 | Zot:5    | Killed an ancient lich
 90335 | Zot:5    | Killed an ancient lich
 90336 | Zot:5    | Killed an ancient lich
 90339 | Zot:5    | Killed a dread lich
 90350 | Zot:5    | Killed an orb of fire
 90351 | Zot:5    | Killed a dread lich
 90534 | Zot:5    | Killed a dread lich
 90540 | Zot:5    | Killed a dread lich
 90962 | Zot:5    | Got the Orb of Zot
 91824 | D:$      | Escaped with the Orb!

Illustrated notes

Levels and vault maps discovered:
D:1:      minmay_arrival_plants_in_alcoves, layout_loops_ring
D:2:      layout_basic
D:3:      layout_loops_ring, serial_bayou, serial_bayou_shore_a,
          serial_bayou_ford_a, serial_bayou_lake_a, serial_bayou_crossing,
          serial_bayou_pond_a, minmay_misc_feat_nine_boxes
D:4:      layout_cave_pools, lemuel_mausoleum_altar_yredelemnul,
          okawaru_trees_1, gup_sewer_entry_bubbles, minmay_vboxes
D:5:      layout_cave_pools, old_standard_altar, nzn_hepliaklqana_mist_gate,
          dancing_weapons_uskayaw, minmay_temple_entry_junction, serial_shops,
          nicolae_shop_rolling_square, shop, nicolae_shop_getting_attention,
          shop_statue
D:6:      layout_basic, mainiacjoe_overflow_alcove_3,
          lemuel_coloured_pillars_altar, serial_shops, shop_coins,
          hangedman_abyss_or_decor_lesser_grid, uniq_pikel
D:7:      layout_cave_pools, marbit_many_paths, serial_shops,
          kennysheep_mini_moat, uniq_jeremiah
D:8:      cheibrodos_statue_roulette, layout_basic, dpeg_oklobed_lair,
          serial_bayou_pond_d
D:9:      layout_rooms, mainiacjoe_overflow_surrounded_room,
          mainiacjoe_overflow_six_doors_small, enter_bailey_7, minmay_st_funbox,
          hangedman_abyss_or_decor_stagger, uniq_maurice
D:10:     nicolae_whirlpool, layout_loops_ring, uniq_joseph, uniq_erolcha,
          uniq_fannar, uniq_harold
D:11:     layout_basic, minmay_nine_imps, uniq_urug, uniq_lodul
D:12:     layout_gridville, erik_orc_1, nicolae_diode_stairs
D:13:     layout_loops_corners, minivault_26, nicolae_ashenzari_skybound
D:14:     layout_basic, erik_vaults_2, grunt_qazlal_clouds, uniq_louise,
          uniq_rupert, uniq_azrael, uniq_jorgrun
D:15:     gammafunk_depths_entry_grave, layout_gridville, serial_shops, shop,
          serial_library, serial_library_hellmonk_small_corner,
          serial_library_hellmonk_hallway_b,
          serial_library_hellmonk_small_alcove,
          serial_library_hellmonk_filled_rooms,
          serial_library_regret_index_multi, serial_library_hellmonk_semicircle,
          serial_library_hellmonk_long_bookcase,
          serial_library_hellmonk_secret_room,
          serial_library_regret_index_headful
Temple:   hellmonk_temple_forest_ring
Lair:1:   layout_chaotic_city, beast_lair_carwin_9, infiniplex_staircase_pool_2
Lair:2:   layout_regular_city, ebering_ghost_xom, hibernation_bobbens,
          serial_bayou_shore_b, lemuel_fruit_tree
Lair:3:   layout_cave_pods, mainiacjoe_shoals_entry_four_pools,
          nicolae_snake_entry_squirm, nicolae_lair_lindhole
Lair:4:   layout_roguey, beast_lair_carwin_11, grunt_megastairs_1
Lair:5:   hangedman_lair_tendril_chambers, layout_cave_pods, slime_entry_1,
          serial_bayou_shore_b
Shoals:1: cheibrodos_shoals_satyrical_garden, layout_shoals, ebering_ghost_gozag
Shoals:2: nicolae_shoals_aurelia_aurita, layout_shoals
Shoals:3: layout_shoals
Shoals:4: shoals_end_hellmonk_holy_island, uniq_mara
Snake:1:  layout_basic, uniq_roxanne
Snake:2:  cheibrodos_forgotten_conduit, layout_misc_corridors,
          nicolae_snake_gridmaze_zigzag, uniq_saint_roka
Snake:3:  layout_chambers, gammafunk_ghost_arena, basic_altar, st_stairs_10,
          grunt_ministairs_3, nicolae_snake_single_loop, uniq_donald
Snake:4:  minmay_snake_end_coiled, layout_layer_cave, serial_bayou_shore_b
Slime:1:  layout_caves, cheibrodos_slime_lost_civilization_4
Slime:2:  layout_caves, special_room [special_room_jelly], uniq_dissolution
Slime:3:  layout_caves, cheibrodos_slime_lost_civilization_5
Slime:4:  layout_caves, cheibrodos_slime_lost_civilization_6
Slime:5:  slime_pit
Orc:1:    layout_caves
Orc:2:    grunt_orc_cross, layout_diamond_mine, serial_shops, shop_fountains,
          basic_altar
Elf:1:    nicolae_elf_arrival_dilemma, layout_onion_city, serial_shops, shop,
          minmay_elf_annihilation, nicolae_letterblocks
          [nicolae_letter_subblock, nicolae_letter_subblock,
          nicolae_letter_subblock, nicolae_letter_subblock,
          nicolae_letter_subblock, nicolae_letter_subblock,
          nicolae_letter_subblock, nicolae_letter_subblock,
          nicolae_letter_subblock, nicolae_letter_subblock,
          nicolae_letter_subblock, nicolae_letter_subblock,
          nicolae_letter_subblock, nicolae_letter_subblock,
          nicolae_letter_subblock, nicolae_letter_subblock,
          nicolae_letter_subblock, nicolae_letter_subblock,
          nicolae_letter_subblock, nicolae_letter_subblock,
          nicolae_letter_subblock, nicolae_letter_subblock,
          nicolae_letter_subblock, nicolae_letter_subblock,
          nicolae_letter_subblock]
Elf:2:    nicolae_elf_blades_splatter_lattice [nicolae_blade_little_rooms],
          layout_geoelf_diagonals, lemuel_upstairs_altar
Elf:3:    minmay_elf_hall_spiked, layout_geoelf_castle, serial_shops,
          nicolae_shop_trees, hex_medium, einodemon_crawler_minivault
Vaults:1: v_misc_5, nicolae_vaults_network_square, vaults_room_glass_cross,
          nicolae_vaults_layer_cake_slice, v_alt_pattern_6,
          nicolae_vaults_closet_pinwheel_1, v_misc_11,
          ontoclasm_vaults_ring_square, ontoclasm_vaults_gateway,
          layout_vaults_quadrants
Vaults:2: nicolae_vaults_trapezoid_lopsided_4, nicolae_vaults_off_center_swirl,
          grunt_vaults_bifocal, vaults_mumra_hexcomb, vaults_room_corners,
          v_misc_2, ontoclasm_vaults_ring_square, nicolae_vaults_what_the_h,
          nicolae_vaults_house_2, nicolae_vaults_trapezoid_lopsided_4,
          layout_vaults_omnibox, serial_shops, nicolae_lakefront_shop
Vaults:3: v_alt_pattern_5, nicolae_vaults_trapezoid_1, vaults_room_grid,
          nicolae_vaults_variable_pillar_hall_cross, nicolae_vaults_trapezoid_2,
          nicolae_vaults_tetromino_T_2, minmay_crypt_entry_necro_gods,
          vaults_standard_mumra_enter_the_diamond, ontoclasm_vaults_gallery,
          nicolae_vaults_layer_cake_slice, grunt_vaults_swirl, serial_ice_m,
          layout_vaults_maze_bifur
Vaults:4: dpeg_vaults_hating_casters, nicolae_vaults_surprise_closet,
          vaults_dpeg_spiral, vaults_mumra_minichess,
          nicolae_vaults_surprise_closet, nicolae_vaults_turnstiles,
          nicolae_vaults_trapezoid_3, nicolae_vaults_trapezoid_4,
          not_door_vault_mu, v_alt_pattern_2, hangedman_vaults_slice,
          nicolae_vaults_trapezoid_1, nicolae_vaults_house_2,
          nicolae_vaults_house_2, layout_vaults_omnicross, serial_shops,
          nicolae_shop_behind_doors, uniq_sojobo
Vaults:5: uniq_margery
Crypt:1:  statuecave_lemuel, layout_regular_city, grunt_ministairs_13
Crypt:2:  layout_catacombs, uniq_khufu
Crypt:3:  evilmike_haunted_forest, uniq_zenata, uniq_mennas
Tomb:1
Tomb:2
Tomb:3
Depths:1: layout_cave_shapes, xom_teletrap_fun, hell_entry, fedhas_altar_2
Depths:2: kennysheep_treasure_stockpile, layout_cave_pools, enter_ziggurat_e,
          hangedman_decor_points, pan_entry, abyss_entry, hell_entry,
          nicolae_trove_entry_columns, nicolae_keep_em_comin, uniq_norris
Depths:3: nicolae_BIG_FREAKIN_CUBE, layout_honeycomb, hell_entry,
          minmay_room_of_horrors, infiniplex_staircase_zigzag_3, uniq_vv,
          uniq_boris, uniq_jory
Depths:4: grunt_zot_entry_gee_three, layout_small_grid, grunt_hell_entry_dis_mu,
          serial_bayou_pond_b, abyss_entry, hangedman_abyss_or_decor_clamps,
          kb_rosetta
Hell
Dis:1:    layout_gridville
Dis:2:    layout_subdivisions
Dis:3:    layout_gridville
Dis:4:    nicolae_dis_big_iron_x
Dis:5:    layout_subdivisions, nrook_loot_triangle
Dis:6:    layout_subdivisions, glass_columns_b
Dis:7:    dis_hangedman
Geh:1:    layout_gehenna_lava_caves
Geh:2:    layout_gehenna_pools_triple
Geh:4:    layout_gehenna_pools_triple
Geh:5:    layout_gehenna_pools_basic
Geh:6:    layout_gehenna_lava_caves
Geh:7:    geh_mu
Coc:1:    layout_cocytus_delve, nicolae_hells_seeping_fissure
Coc:2:    layout_ice_bergs
Coc:3:    layout_cocytus_water_paths
Coc:4:    layout_ice_bergs
Coc:5:    layout_cocytus_water_paths
Coc:6:    layout_ice_bergs, tekkud_coc_lazy_river
Coc:7:    coc_mu
Tar:1:    layout_honeycomb, nicolae_tar_cuneiform_oil
Tar:2:    layout_grid_maze
Tar:3:    layout_cathedral_of_symmetry
Tar:4:    layout_catacombs, nicolae_tar_cuneiform_heaven
Tar:5:    layout_cathedral_of_symmetry
Tar:6:    layout_cathedral_of_symmetry
Tar:7:    tar_grunt_cathedral
Zot:1:    regret_index_all_hallows'_manor, layout_misc_corridors,
          ebering_ghost_disaster_area
Zot:2:    layout_basic
Zot:3:    layout_misc_corridors, grunt_megastairs_2, uniq_grunn
Zot:4:    nicolae_moth_party, layout_basic,
          chequers_guarded_unrand_mask_of_the_dragon, uniq_josephina
Zot:5:    layout_misc_corridors, nrook_zot_tub

Skill      XL: |  1  2  3  4  5  6  7  8  9 10 11 12 13 14 15 16 17 18 19 20 21 22 23 24 25 26 27 |
---------------+----------------------------------------------------------------------------------+-----
Shields        | 3 4 5 6 7 8 9 10 11 12 14 16 27 | 27.0
Unarmed Combat | 3 4 5 6 8 9 11 12 14 15 17 19 20 21 22 23 24 25 26 27 | 27.0
Fighting       | 3 4 5 6 7 8 9 10 11 12 13 14 15 18 19 27 | 27.0
Dodging        | 3 4 5 6 7 8 9 17 | 17.9
Shapeshifting  | 6 12 16 17 18 19 20 22 23 27 | 27.0
Armour         | 10 16 27 | 27.0
Evocations     | 16 | 16.9

Action                     |  1- 3 |  4- 6 |  7- 9 | 10-12 | 13-15 | 16-18 | 19-21 | 22-24 | 25-27 || total
---------------------------+-------+-------+-------+-------+-------+-------+-------+-------+-------++-------
  Melee: Unarmed           |   124 |   122 |   382 |   520 |  1151 |  1499 |  1197 |  1589 |  7677 || 14261
  Throw: Throwing net      |       |       |       |     3 |       |       |       |       |       ||     3
         Large rock        |       |       |       |    15 |    13 |    20 |     1 |       |       ||    49
 Invoke: Serpent's Lash    |       |       |       |     2 |    16 |     8 |     7 |     9 |    33 ||    75
         Heavenly Storm    |       |       |       |       |       |       |     1 |       |     8 ||     9
Ability: Lunge             |       |       |    13 |    54 |    89 |   141 |    83 |    94 |   677 ||  1151
         Whirlwind         |       |       |     1 |    53 |   113 |   242 |   252 |   246 |  1473 ||  2380
         Wall Jump         |       |       |       |     1 |       |     1 |       |       |     2 ||     4
  Evoke: Wand              |       |       |       |       |    13 |       |     1 |     2 |       ||    16
         Phantom mirror    |       |       |       |       |       |       |       |     1 |     4 ||     5
         Phial of floods   |       |       |       |       |       |       |       |       |     1 ||     1
    Use: Scroll            |       |     6 |    10 |    10 |    11 |     9 |     2 |     5 |    32 ||    85
         Potion            |       |     1 |       |     2 |     3 |    10 |     4 |     5 |     8 ||    33
   Stab: Sleeping          |     1 |     2 |       |       |       |       |     3 |       |       ||     6
         Held in net/web   |       |       |       |     2 |       |       |       |       |       ||     2
         Invisible         |       |       |       |     1 |       |       |       |       |       ||     1
         Distracted        |       |       |       |       |       |       |     2 |     1 |     4 ||     7
         Paralysed         |       |       |       |       |       |       |     1 |       |       ||     1
 Armour: Robe              |    65 |    46 |   149 |     4 |       |       |       |       |       ||   264
         Steam dragon scal |       |       |       |    42 |       |       |       |       |       ||    42
         Acid dragon scale |       |       |       |   160 |   323 |   368 |       |       |       ||   851
         Fire dragon scale |       |       |       |       |       |   297 |       |       |       ||   297
         Skin              |       |       |       |       |       |    17 |   581 |  1157 |   155 ||  1910
         Gold dragon scale |       |       |       |       |       |       |       |       |  1760 ||  1760
  Dodge: Dodged            |    24 |    29 |    84 |   125 |   328 |   292 |   444 |   546 |   832 ||  2704
  Block: Kite shield       |    39 |    50 |   222 |   331 |   641 |   543 |       |       |       ||  1826
         Reflection        |       |       |     7 |    35 |    36 |   194 |   167 |    24 |   160 ||   623
         Tower shield      |       |       |       |       |       |   636 |  1272 |  1865 |  4766 ||  8539
   Form: Statue            |       |       |       |       |       |     1 |       |       |       ||     1
                           |       |       |       |       |       |       |       |       |     4 ||     4
         Death             |       |       |       |       |       |       |       |       |     4 ||     4

Table legend: (Time is in decaauts)
 A = Elapsed time spent in this place.
 B = Non-inter-level travel time spent in this place.
 C = Inter-level travel time spent in this place.
 D = Time resting spent in this place.
 E = Time spent auto-exploring this place.
 F = Levels seen in this place.
 G = Mean time per level.
                   A        B        C        D        E       F      G
               +--------+--------+--------+--------+--------+-----+--------+
         Total |  99931 |  87249 |  12682 |    625 |  66625 | 120 |  832.8 |
       Dungeon |  15722 |  12135 |   3587 |     82 |   9551 |  15 | 1048.1 |
        Temple |      1 |      1 |      0 |      0 |      0 |   1 |    1.0 |
          Lair |   6524 |   4917 |   1607 |      0 |   4133 |   5 | 1304.8 |
        Shoals |   5123 |   4824 |    299 |      0 |   3959 |   4 | 1280.8 |
     Snake Pit |   5371 |   4959 |    412 |      0 |   4067 |   4 | 1342.8 |
    Slime Pits |   2627 |   2469 |    158 |    231 |   1755 |   5 |  525.4 |
  Orcish Mines |   2165 |   1852 |    313 |      0 |   1328 |   2 | 1082.5 |
   Elven Halls |   5129 |   4707 |    422 |     57 |   3592 |   3 | 1709.7 |
        Vaults |   9357 |   7938 |   1419 |     72 |   6015 |   5 | 1871.4 |
         Crypt |   6226 |   5211 |   1015 |      0 |   4104 |   3 | 2075.3 |
          Tomb |   2526 |   2086 |    440 |      0 |   1362 |   3 |  842.0 |
        Depths |   7470 |   5995 |   1475 |      0 |   4876 |   4 | 1867.5 |
          Hell |    531 |    383 |    148 |      0 |    292 |   1 |  531.0 |
           Dis |   1803 |   1775 |     28 |      0 |   1274 |   7 |  257.6 |
       Gehenna |   1703 |   1515 |    188 |      0 |   1116 |   6 |  283.8 |
       Cocytus |   1338 |   1187 |    151 |      0 |    680 |   7 |  191.1 |
      Tartarus |   1939 |   1722 |    217 |      0 |   1245 |   7 |  277.0 |
           Zot |   5877 |   5079 |    798 |      0 |   3941 |   5 | 1175.4 |
         Abyss |   1280 |   1280 |      0 |      0 |    730 |   4 |  320.0 |
   Pandemonium |  16129 |  16129 |      0 |    183 |  12043 |  19 |  848.9 |
      Ziggurat |    352 |    352 |      0 |      0 |    200 |   7 |   50.3 |
         Trove |    132 |    132 |      0 |      0 |     63 |   1 |  132.0 |
         Sewer |    325 |    325 |      0 |      0 |    154 |   1 |  325.0 |
        Bailey |    271 |    271 |      0 |      0 |    141 |   1 |  271.0 |
               +--------+--------+--------+--------+--------+-----+--------+

Top non-repeatable levels by time:
 Crypt:3: 3222 daAuts
Vaults:1: 2275 daAuts
Vaults:4: 2174 daAuts
Depths:2: 2128 daAuts
Depths:4: 1875 daAuts
Vaults:2: 1830 daAuts
Depths:1: 1810 daAuts
  Lair:3: 1799 daAuts
   Elf:3: 1748 daAuts
   Elf:1: 1718 daAuts
 Crypt:2: 1700 daAuts
Vaults:3: 1696 daAuts
 Snake:3: 1688 daAuts
   Elf:2: 1663 daAuts
Depths:3: 1655 daAuts
